 Dungeon Crawl Stone Soup version 0.29-a0-25-g7f48f510a0 (webtiles) character file.

Game seed: 4567079858959448749

14038 Oldhorse the Protected (level 11, -2/99 HPs)
             Began as a Deep Dwarf Hunter on Jan 28, 2022.
             Killed by an exploding vampire mosquito (3 damage)
             ... ignited by their inner flame
             ... on level 12 of the Dungeon on Jan 31, 2022.
             The game lasted 02:11:04 (11773 turns).

Oldhorse the Protected (Deep Dwarf Hunter)         Turns: 11773, Time: 02:11:05

Health: -2/99      AC: 25    Str: 15    XL:     11   Next: 83%
Magic:  1/1        EV:  7    Int: 16    God:
Gold:   489        SH:  8    Dex: 19    Spells: 10/10 levels left

rFire   + . .      SeeInvis +   Y - +8 long sword "Arcanum" {venom, rF+ Dex+2 Stlth-}
rCold   . . .      Faith    .   i - +0 kite shield
rNeg    . . .      Spirit   .   c - +3 chain mail
rPois   .          Reflect  .   S - +0 helmet {Int+3}
rElec   .          Harm     .   M - +0 cloak
rCorr   .          Rampage  .   J - +0 pair of gloves
Will    +....                   C - +1 pair of boots
Stlth   ..........              x - amulet of magic regeneration
HPRegen 0.00/turn               T - +4 ring of protection
MPRegen 0.47/turn               Q - ring of see invisible

@: no status effects
A: damage resistance, heal wounds, sense surroundings 2, no regeneration
a: Heal Wounds


You were on level 12 of the Dungeon.
You visited 3 branches of the dungeon, and saw 15 of its levels.

You collected 1224 gold pieces.
You spent 735 gold pieces at shops.

Inventory:

Hand Weapons
 d - a +1 spear of freezing
 e - a +2 trident of protection
 v - a +2 spear of freezing
 w - a +3 mace
 E - the +6 hunting sling "Hofauf" {freeze, rC+ Dex+2}
   (You found it on level 4 of the Dungeon)

   Any ammunition fired from it freezes those it strikes, dealing additional
   cold damage.
   It can also slow down cold-blooded creatures.
   Dex:       It affects your dexterity (+2).
   rC:        It protects you from cold.
 O - a +2 shortbow
 U - a +1 vorpal flail
 W - a +1 demon blade of electrocution
 Y - the +8 long sword "Arcanum" (weapon) {venom, rF+ Dex+2 Stlth-}
   (You found it on level 8 of the Dungeon)

   It poisons the flesh of those it strikes.
   Dex:       It affects your dexterity (+2).
   rF:        It protects you from fire.
   Stlth:     It makes you less stealthy.
Missiles
 f - 436 stones (quivered)
 k - 28 poisoned darts
 p - 66 sling bullets
 s - 21 bolts
 A - 2 javelins
 B - 115 arrows
Armour
 c - a +3 chain mail (worn)
 i - a +0 kite shield (worn)
 j - a +2 ring mail of fire resistance
 o - a +0 plate armour
 C - a +1 pair of boots (worn)
 H - a +0 chain mail
 I - the +1 scale mail "Umeonys" {Str+4}
   (You found it on level 10 of the Dungeon)

   Str:       It affects your strength (+4).
 J - a +0 pair of gloves (worn)
 M - a +0 cloak (worn)
 S - a +0 helmet of intelligence (worn)
Jewellery
 x - an amulet of magic regeneration (around neck)
 y - a ring of willpower
 D - a +6 ring of strength
 L - a ring of flight
 P - a ring of protection from cold
 Q - a ring of see invisible (right hand)
 T - a +4 ring of protection (left hand)
 V - a ring of fire
Wands
 l - a wand of polymorph (7)
 z - a wand of paralysis (2)
 K - a wand of charming (8)
 X - a wand of flame (15)
Scrolls
 b - a scroll of noise
 m - 2 scrolls of silence
 n - 4 scrolls of fog
 t - 2 scrolls of teleportation
 u - a scroll of vulnerability
 G - 2 scrolls of magic mapping
 N - 3 scrolls of amnesia
 Z - a scroll of identify
Potions
 g - 2 potions of curing
 h - 2 potions of degeneration
 q - 3 potions of attraction
 r - a potion of resistance
 R - a potion of mutation


   Skills:
 + Level 6.4 Fighting
 + Level 1.3(5.1) Short Blades
 + Level 8.8 Long Blades
 + Level 1.1(4.8) Axes
 + Level 6.2(6.3) Polearms
 + Level 9.0 Throwing
 + Level 10.9 Armour
 + Level 5.0 Dodging
 + Level 1.6 Stealth
 + Level 0.1 Evocations


You had 10 spell levels left.
You didn't know any spells.
Your spell library contained the following spells:

 Spells                   Type           Power      Damage    Failure   Level
 Sandblast                Erth           0%         2d4       100%        1
 Passwall                 Tmut/Erth      0%         N/A       100%        2
 Static Discharge         Conj/Air       0%         N/A       100%        2
 Sublimation of Blood     Necr           0%         N/A       100%        2
 Wereblood                Tmut           0%         N/A       100%        2
 Inner Flame              Hex/Fire       0%         N/A       100%        3
 Ozocubu's Armour         Ice            0%         N/A       100%        3
 Stone Arrow              Conj/Erth      0%         3d7       100%        3
 Cause Fear               Hex            0%         N/A       100%        4
 Dispel Undead            Necr           0%         3d6       100%        4
 Hailstorm                Conj/Ice       0%         3d3       100%        4
 Ice Form                 Ice/Tmut       0%         N/A       100%        4
 Sticky Flame             Conj/Fire      0%         2d3       100%        4
 Simulacrum               Ice/Necr       0%         N/A       100%        6
 Ozocubu's Refrigeration  Ice            0%         4d5       100%        7
 Summon Hydra             Summ           0%         N/A       100%        7
 Discord                  Hex            0%         N/A       100%        8


Dungeon Overview and Level Annotations

Branches:
Dungeon (12/15)            Temple (1/1) D:6            Lair (2/6) D:9
    Orc (0/2) D:12
  Swamp: Lair:2-4    Shoals: Lair:2-4     Snake: Lair:2-4    Spider: Lair:2-4

Altars:
Ashenzari
Cheibriados
Dithmenos
Elyvilon
Fedhas
Gozag
Hepliaklqana
Kikubaaqudgha
Makhleb
Nemelex Xobeh
Okawaru
Qazlal
Ru
Sif Muna
Trog
Uskayaw
Vehumet
Wu Jian
Xom
Yredelemnul
Zin
The Shining One

Shops:
D:8 =   D:10 *   D:11 [


Innate Abilities, Weirdness & Mutations

You are resistant to damage.
You can heal yourself by infusing magical energy.
You passively map the area around you.
You do not regenerate.


Message History

The vampire mosquito bites you but does no damage. x2
The vampire mosquito bites you.
The vampire mosquito draws strength from your injuries!
The vampire mosquito bites you but does no damage. x2
The vampire mosquito bites you.
* * * LOW HITPOINT WARNING * * *
The vampire mosquito draws strength from your injuries!
You block the vampire mosquito's attack.
You slash the vampire mosquito!
You destroy the vampire mosquito!
The vampire mosquito closely misses you. x3
The vampire mosquito bites you.
* * * LOW HITPOINT WARNING * * *
The vampire mosquito draws strength from your injuries!
You block the vampire mosquito's attack.
The vampire mosquito bites you but does no damage. x3
As you read the scroll of immolation, it crumbles to dust.
The creatures around you are filled with an inner flame!
The vampire mosquito bites you but does no damage. x2
The vampire mosquito bites you.
* * * LOW HITPOINT WARNING * * *
The vampire mosquito draws strength from your injuries!
You block the vampire mosquito's attack. x2
You closely miss the vampire mosquito.
The vampire mosquito is moderately damaged.
You block the vampire mosquito's attack. x2
The vampire mosquito bites you but does no damage.
The vampire mosquito barely misses you.
The vampire mosquito bites you but does no damage.
The vampire mosquito bites you.
* * * LOW HITPOINT WARNING * * *
The vampire mosquito draws strength from your injuries!
The vampire mosquito barely misses you.
You slash the vampire mosquito!
Flame seeps out of the vampire mosquito.
The vampire mosquito is almost destroyed.
The vampire mosquito is engulfed in blazing flames.
The vampire mosquito explodes!
The fiery explosion engulfs you. You resist.
You die...

, , #.# **
#######.#, #...#
........#,, #...#
........#, #...#
......#
,#...######## ,
..§§# #.......... *
* #§○# ,,#........#
#§@###+#........# *
, #y.y............#,
,,+.######........+,
#.* , #........# *,
, #. #........# ,
#.* ,,###......# , ,
..+ ,,, #......#,
,.. , #......### * ,
.. ,,, #.........


You could see 2 vampire mosquitoes.

Vanquished Creatures
  A boulder beetle (D:11)
  2 ugly things (D:12)
  A manticore (D:12)
  2 black mambas (Lair:1)
  A gargoyle (D:11)
  3 cane toads (Lair:1)
  Maggie (D:10)
  An unseen horror (D:12)
  A rime drake (Lair:2)
  A komodo dragon (D:10)
  A troll (D:11)
  Grinder (D:6)
  3 blink frogs (Lair:2)
  A vampire (D:12)
  13 yaks
  A wraith (D:10)
  A wyvern (D:7)
  4 vampire mosquitoes
  Grum (D:8)
  Menkaure (D:4)
  7 water moccasins
  8 black bears
  3 orc warriors (D:9)
  A sky beast (D:8)
  2 necrophages
  2 ogres
  3 centaurs
  A phantom (D:5)
  A bullfrog (D:5)
  2 kobold brigands
  5 gnoll sergeants
  3 scorpions
  A water moccasin skeleton (D:6)
  A water moccasin zombie (D:5)
  2 howler monkeys
  4 centaur zombies
  A jelly (D:4)
  12 hounds
  2 bullfrog skeletons
  2 orc priests
  A gnoll shaman (D:7)
  Jessica (D:3)
  3 iguanas
  7 orc wizards
  A killer bee zombie (D:8)
  A hound skeleton (D:5)
  A howler monkey zombie (D:5)
  Robin (D:3)
  25 gnolls
  12 adders
  2 shadow imps (D:7)
  2 ufetubi
  A worm (D:2)
  2 dart slugs
  16 orcs
  6 bats
  10 endoplasms
  2 giant cockroaches
  21 goblins
  3 hobgoblins
  13 jackals
  2 quokkas
  8 ball pythons
  2 frilled lizards (D:2)
  22 kobolds
  7 rats
276 creatures vanquished.

Vanquished Creatures (collateral kills)
  An ugly thing (D:10)
1 creature vanquished.

Vanquished Creatures (others)
  11 fungi
  8 plants (D:9)
19 creatures vanquished.

Grand Total: 296 creatures vanquished

Notes
Turn   | Place    | Note
-------+----------+-------------------------------------------
     0 | D:1      | Oldhorse the Deep Dwarf Hunter began the quest for the Orb.
     0 | D:1      | Reached XP level 1. HP: 19/19 MP: 1/1
   100 | D:1      | Found a faded altar of an unknown god.
   280 | D:1      | Reached XP level 2. HP: 26/26 MP: 2/2
   756 | D:1      | Reached XP level 3. HP: 27/32 MP: 3/3
  1077 | D:2      | Reached skill level 1 in Armour
  1191 | D:2      | Reached skill level 1 in Short Blades
  1418 | D:2      | Reached XP level 4. HP: 24/39 MP: 4/4
  1837 | D:3      | Noticed a scorpion
  1843 | D:3      | Killed a scorpion
  1844 | D:3      | Reached skill level 2 in Armour
  1945 | D:3      | Noticed Robin
  1952 | D:3      | Reached XP level 5. HP: 43/45 MP: 5/5
  1956 | D:3      | Killed Robin
  2198 | D:3      | Reached skill level 1 in Polearms
  2331 | D:3      | Noticed Jessica
  2333 | D:3      | Killed Jessica
  2699 | D:4      | Reached skill level 5 in Throwing
  2782 | D:4      | Reached XP level 6. HP: 33/55 MP: 6/6
  3059 | D:4      | Reached skill level 3 in Armour
  3239 | D:4      | Identified the +6 hunting sling "Hofauf" {freeze, rC+
                  | Dex+2}
  3302 | D:4      | Noticed Menkaure
  3304 | D:4      | Reached XP level 7. HP: 35/61 MP: 7/7
  3314 | D:4      | Killed Menkaure
  3465 | D:5      | Entered Level 5 of the Dungeon
  3475 | D:5      | Reached skill level 1 in Axes
  3475 | D:5      | Reached skill level 4 in Armour
  3701 | D:5      | Reached XP level 8. HP: 69/69 MP: 7/7
  4093 | D:6      | Upgraded the game from 0.29-a0-9-g022ca4c890 to
                  | 0.29-a0-25-g7f48f510a0
  4112 | D:6      | Reached skill level 5 in Polearms
  4257 | D:6      | Reached skill level 5 in Armour
  4308 | D:6      | Found a staircase to the Ecumenical Temple.
  4314 | D:6      | Noticed Grinder
  4352 | D:6      | Killed Grinder
  4438 | D:6      | Identified a scroll of acquirement
  4446 | D:6      | Acquired 596 gold pieces
  5143 | Temple   | Entered the Ecumenical Temple
  5737 | D:7      | Gained mutation: You passively map the area around you.
                  | [Deep Dwarf growth]
  5737 | D:7      | Reached XP level 9. HP: 67/78 MP: 8/8
  6273 | D:7      | Found a hazy altar of Hepliaklqana.
  6277 | D:7      | Found a sacrificial altar of Ru.
  6279 | D:7      | Found an iron altar of Okawaru.
  6279 | D:7      | Found a shimmering altar of Xom.
  6279 | D:7      | Found an opulent altar of Gozag.
  6280 | D:7      | Found a radiant altar of Vehumet.
  6282 | D:7      | Found a bloodstained altar of Trog.
  6284 | D:7      | Found a snail-covered altar of Cheibriados.
  6397 | D:7      | Reached skill level 6 in Armour
  6794 | D:8      | Reached skill level 1 in Long Blades
  6853 | D:8      | Reached skill level 7 in Armour
  6858 | D:8      | Reached skill level 5 in Fighting
  7136 | D:8      | Identified the +8 long sword "Arcanum" {venom, rF+ Dex+2
                  | Stlth-}
  7206 | D:8      | Found Jacang's Jewellery Boutique.
  7228 | D:8      | Bought an amulet of guardian spirit for 360 gold pieces
  7488 | D:8      | Noticed Grum
  7496 | D:8      | Killed Grum
  7785 | D:8      | Reached XP level 10. HP: 82/88 MP: 0/8
  8357 | D:9      | Found a staircase to the Lair.
  8395 | Lair:1   | Entered Level 1 of the Lair of Beasts
  8405 | Lair:1   | Noticed a cane toad
  8413 | Lair:1   | Killed a cane toad
  8414 | Lair:1   | Reached skill level 5 in Long Blades
  8414 | Lair:1   | Reached skill level 8 in Armour
  8536 | Lair:1   | Noticed a cane toad
  8544 | Lair:1   | Killed a cane toad
  8618 | Lair:1   | Noticed a cane toad
  8632 | Lair:1   | Killed a cane toad
  8950 | Lair:2   | Reached skill level 9 in Armour
  9058 | Lair:1   | Reached XP level 11. HP: 34/96 MP: 0/9
  9990 | D:10     | Entered Level 10 of the Dungeon
 10187 | D:10     | Found a broken altar of Ashenzari.
 10255 | D:10     | Noticed Maggie
 10265 | D:10     | Killed Maggie
 10432 | D:10     | Found Ymycuen's Fire Supplies.
 10446 | D:10     | Bought 3 scrolls of immolation for 105 gold pieces
 10511 | D:10     | Identified the +1 scale mail "Umeonys" {Str+4}
 10549 | D:10     | Noticed a cyan ugly thing
 10675 | D:10     | Killed a cyan ugly thing
 10799 | D:10     | Reached skill level 10 in Armour
 11222 | D:11     | Found Cisy's Antique Armour Shop.
 11230 | D:11     | Bought a shiny helmet for 270 gold pieces
 11427 | D:11     | Noticed a boulder beetle
 11440 | D:11     | Killed a boulder beetle
 11534 | D:12     | Noticed a red ugly thing
 11536 | D:12     | Noticed a deep elf pyromancer
 11545 | D:12     | Killed a red ugly thing
 11546 | D:12     | Reached skill level 5 in Dodging
 11562 | D:12     | Noticed a deep elf pyromancer
 11592 | D:12     | Found a staircase to the Orcish Mines.
 11592 | D:12     | Noticed a red ugly thing
 11607 | D:12     | Killed a red ugly thing
 11771 | D:12     | HP: 3/99 [vampire mosquito (4)]
 11772 | D:12     | HP: 1/99 [vampire mosquito (2)]
 11773 | D:12     | Killed by an exploding vampire mosquito... ignited by their
                  | inner flame

Illustrated notes

Levels and vault maps discovered:
D:1:      dpeg_arrival_subterranean_lakeside_camping, layout_loops_ring,
          hellmonk_ecumenical_altar_arch_garden, minivault_5
D:2:      layout_rooms
D:3:      layout_basic, uniq_robin, uniq_jessica
D:4:      layout_loops_ring, minmay_starry_boxes, uniq_menkaure
D:5:      layout_rooms, chequers_serial_rivers_room_a
D:6:      layout_basic, minmay_temple_entry_tees, uniq_grinder
D:7:      layout_loops_ring, minitemple, chequers_serial_rivers_micro_b
D:8:      layout_cave_pools, serial_gnoll_camp, gnoll_camp_mini_hut,
          gnoll_camp_mini_basic, gnoll_camp_mini_basic,
          gnoll_camp_mini_doghouse, gnoll_camp_mini_shop, grums_kennel
D:9:      layout_long_grid, grunt_lair_entry_orc_guard_hut
D:10:     layout_roguey, nicolae_overflow_crystal_walls, nicolae_shop_fire_sale
          [nicolae_sub_dead_trees], uniq_maggie
D:11:     layout_roguey, serial_shops, shop
D:12:     minmay_polygon_palace, layout_irregular_city,
          minmay_orc_entry_temple_small
Temple:   dshaligram_water_room_temple
Lair:1:   minmay_guarded_unrand_snakebite, layout_regular_city,
          infiniplex_staircase_pool
Lair:2:   layout_long_grid

Skill      XL: |  1  2  3  4  5  6  7  8  9 10 11 |
---------------+----------------------------------+-----
Throwing       | 4 5 6 7 8 9 |  9.0
Fighting       | 2 3 4 5 6 |  6.4
Armour         | 1 2 3 4 5 7 9 10 | 10.9
Short Blades   | 1 |  1.3
Polearms       | 1 2 4 5 6 |  6.2
Dodging        | 3 4 5 |  5.0
Axes           | 1 |  1.1
Long Blades    | 3 6 8 |  8.8
Stealth        | |  1.6
Evocations     | |  0.1

Action                   |  1- 3 |  4- 6 |  7- 9 | 10-12 || total
-------------------------+-------+-------+-------+-------++-------
Melee: Short sword       |    43 |       |       |       ||    43
       Spear             |    27 |   153 |   388 |       ||   568
       Hand axe          |       |    11 |     5 |       ||    16
       Punch             |       |       |    12 |     7 ||    19
       Demon blade       |       |       |    90 |       ||    90
       Long sword        |       |       |    32 |   325 ||   357
Throw: Javelin           |    43 |    46 |     9 |       ||    98
       Throwing net      |     2 |     2 |     2 |       ||     6
       Dart              |       |     2 |    25 |       ||    27
       Stone             |       |     2 |   135 |    36 ||   173
       Boomerang         |       |       |       |    82 ||    82
 Abil: Heal Wounds       |       |     4 |    17 |    26 ||    47
Evoke: Wand              |       |       |     1 |     1 ||     2
  Use: Scroll            |       |     6 |    18 |    17 ||    41
       Potion            |       |     3 |     3 |     7 ||    13
Armor: Leather armour    |    38 |     1 |       |       ||    39
       Ring mail         |       |    59 |       |       ||    59
       Chain mail        |       |     5 |   379 |   420 ||   804
Dodge: Dodged            |    79 |    88 |   281 |   263 ||   711
Block: Kite shield       |       |       |       |    13 ||    13

Table legend: (Time is in decaauts)
 A = Elapsed time spent in this place.
 B = Non-inter-level travel time spent in this place.
 C = Inter-level travel time spent in this place.
 D = Time resting spent in this place.
 E = Time spent auto-exploring this place.
 F = Levels seen in this place.
 G = Mean time per level.
                   A        B        C        D        E       F      G
               +--------+--------+--------+--------+--------+-----+--------+
         Total |  11736 |  11734 |      2 |    100 |      2 |  15 |  782.4 |
       Dungeon |  10448 |  10446 |      2 |    100 |      2 |  12 |  870.7 |
        Temple |    197 |    197 |      0 |      0 |      0 |   1 |  197.0 |
          Lair |   1090 |   1090 |      0 |      0 |      0 |   2 |  545.0 |
               +--------+--------+--------+--------+--------+-----+--------+

Top non-repeatable levels by time:
     D:7: 1247 daAuts
     D:6: 1188 daAuts
     D:8: 1180 daAuts
     D:1: 1083 daAuts
     D:9: 1061 daAuts
  Lair:1: 995 daAuts
     D:3: 952 daAuts
    D:10: 898 daAuts
     D:4: 782 daAuts
     D:2: 698 daAuts
    D:11: 614 daAuts
     D:5: 472 daAuts
    D:12: 268 daAuts
  Temple: 197 daAuts
  Lair:2: 94 daAuts
